 Dungeon Crawl Stone Soup version 0.31-a0-204-g7da18cac08 (webtiles) character file.

Game seed: 17606878129556778806

162 qw the Skirmisher (level 5, -1/29 HPs)
             Began as a Deep Elf Hunter on June 27, 2023.
             Slain by an orc wizard
             ... wielding a +1 dagger of venom
              (3 damage)
             ... on level 3 of the Dungeon.
             The game lasted 00:00:29 (1312 turns).

qw the Skirmisher (Deep Elf Hunter)                 Turns: 1312, Time: 00:00:29

Health: -1/29      AC:  7    Str: 10    XL:     5   Next: 19%
Magic:  7/7        EV: 11    Int: 14    God:
Gold:   123        SH:  0    Dex: 18    Spells: 4/4 levels left

rFire   . . .        Y - +1 shortbow (freeze)
rCold   . . .        (shield currently unavailable)
rNeg    . . .        j - +2 ring mail
rPois   .            (no helmet)
rElec   .            (no cloak)
rCorr   .            (no gloves)
SInv    .            (no boots)
Will    .....        (no amulet)
Stlth   +            (no ring)
HPRegen 0.24/turn    (no ring)
MPRegen 0.10/turn

%: no passive effects
@: no status effects
A: no striking features
a: no special abilities


You were on level 3 of the Dungeon.
You visited 1 branch of the dungeon, and saw 3 of its levels.

You collected 123 gold pieces.


   Skills:
 - Level 1.5 Fighting
 + Level 8.6 Ranged Weapons
 - Level 2.4 Dodging
 - Level 1.2 Stealth


You had 4 spell levels left.
You didn't know any spells.
Your spell library was empty.

Inventory:

Hand Weapons
 Y - a +1 shortbow of freezing (weapon)
Armour
 j - a +2 ring mail (worn)
Scrolls
 b - a scroll of identify
 c - a scroll of fear {unknown}
Potions
 a - a potion of invisibility {unknown}
 f - a potion of magic {unknown}

Dungeon Overview and Level Annotations

Branches:
Dungeon (3/15)

Altars:

Annotations:
D:3 Robin


Message History

The scorpion stings you. The goblin closely misses you.
Something hits you but does no damage. The scorpion stings you.
You shoot an arrow.
The arrow hits the scorpion but does no damage.
The scorpion is heavily wounded.
A goblin comes into view. It is wielding a +0 dagger.
The scorpion stings you but does no damage.
Something hits you.
A goblin comes into view. It is wielding a +0 club.
The goblin hits you but does no damage.
The orc wizard mumbles some strange words.
The orc wizard flickers and vanishes!
You shoot an arrow. The arrow hits the scorpion.
The arrow freezes the scorpion.
The scorpion is severely wounded.
The scorpion closely misses you.
You hear some strange, mumbled words.
The goblin hits you with a +0 dagger.
A goblin comes into view. It is wielding a +0 club.
You shoot an arrow. The arrow closely misses the scorpion.
The scorpion stings you. Robin hits you but does no damage.
A goblin comes into view. It is wielding a +0 dagger.
The goblin hits you but does no damage. The scorpion stings you.
You shoot an arrow. The arrow hits the scorpion!
The arrow freezes the scorpion.
You kill the scorpion!
Robin closely misses you. The goblin hits you but does no damage.
A magic dart appears from out of thin air!
The magic dart hits something!
Something hits you but does no damage.
A goblin comes into view. It is wielding a +0 dagger.
Something hits you but does no damage.
A hobgoblin comes into view.
Robin throws the goblin at you! The goblin misses you.
Your Ranged Weapons skill increases to level 8!
You have reached level 5!
You shoot an arrow. The goblin shouts!
The arrow hits the goblin!
The arrow freezes the goblin.
You kill the goblin!
The goblin hits you with a +0 dagger. Something hits you but does no damage.
Something hits you.
You die...

.## #...# #.# .$ #...#
#.# ..## #...# #.. ...
#...# #.#####.#### #...#
#.. .......## #..%#
#.###g.......
####...#####.#.{@)g.#
.............)..%%..#
.%................g...g.
<..................g%.#.
####...#####........g.#
#...# ###.......g..
#...# ......#.##. #...#
.......#.# #...# .......


You could see Robin, a hobgoblin and 5 goblins.

Vanquished Creatures
  A scorpion (D:3)
  Natasha (D:3)
  A gnoll (D:1)
  2 adders (D:3)
  A worm (D:2)
  2 dart slugs
  3 orcs (D:3)
  A ball python (D:2)
  5 endoplasms
  2 giant cockroaches
  3 goblins
  3 hobgoblins (D:1)
  2 jackals (D:3)
  2 quokkas (D:2)
  4 bats
  2 frilled lizards
  4 kobolds
  4 rats
43 creatures vanquished.

Notes
Turn   | Place    | Note
-------+----------+-------------------------------------------
     0 | D:1      | qw the Deep Elf Hunter began the quest for the Orb.
     0 | D:1      | Reached XP level 1. HP: 12/12 MP: 3/3
     0 | D:1      | 0 ||| qw: Version: 0.3-a-22-g0ed2b0b
     0 | D:1      | 0 ||| qw: Game counter: 6592
     0 | D:1      | 0 ||| qw: Melee chars always use a shield: true
     0 | D:1      | 0 ||| qw: God list: Okawaru
     0 | D:1      | 0 ||| qw: Allow faded altars: false
     0 | D:1      | 0 ||| qw: Do Orc after clearing Dungeon:15 true
     0 | D:1      | 0 ||| qw: Do second Lair branch before Depths: true
     0 | D:1      | 0 ||| qw: Lair rune preference: random
     0 | D:1      | 0 ||| qw: Goals: Normal
     0 | D:1      | 0 ||| PLANNING D:1-11
   128 | D:1      | Reached skill level 6 in Ranged Weapons
   128 | D:1      | Reached XP level 2. HP: 16/16 MP: 4/4
   479 | D:1      | Reached XP level 3. HP: 20/20 MP: 5/5
   634 | D:1      | 634 ||| UPGRADING to +0 ring mail.
   644 | D:1      | 644 ||| DROPPING +0 leather armour.
   645 | D:1      | 645 ||| READING 2 scrolls labelled ZIXTEZISOM.
   646 | D:1      | 646 ||| READING scroll labelled QAL HEELACW.
   647 | D:1      | 647 ||| READING 2 scrolls labelled NUQED ESCHO.
   648 | D:1      | 648 ||| READING scroll of enchant armour.
   648 | D:1      | 648 ||| ENCHANTING +0 ring mail.
   649 | D:1      | 649 ||| READING scroll labelled YMIEGU BOHODU.
   650 | D:1      | 650 ||| READING scroll labelled XAPHAA TUGRAORGH.
   651 | D:1      | 651 ||| DROPPING scroll of noise.
   652 | D:1      | 652 ||| DROPPING scroll of butterflies.
   977 | D:2      | 977 ||| READING scroll of enchant armour.
   977 | D:2      | 977 ||| ENCHANTING +1 ring mail.
  1038 | D:2      | Reached skill level 7 in Ranged Weapons
  1246 | D:2      | 1246 ||| READING scroll labelled GEFUCE FOUD.
  1247 | D:2      | 1247 ||| READING scroll labelled PUFABBI SAWAA.
  1273 | D:3      | Noticed Natasha
  1277 | D:3      | Killed Natasha
  1278 | D:3      | Reached XP level 4. HP: 25/25 MP: 6/6
  1301 | D:3      | Noticed a scorpion
  1302 | D:3      | Noticed Robin
  1310 | D:3      | HP: 5/25 [scorpion (2)]
  1311 | D:3      | Killed a scorpion
  1312 | D:3      | Reached skill level 8 in Ranged Weapons
  1312 | D:3      | Reached XP level 5. HP: 5/29 MP: 7/7
  1312 | D:3      | HP: 2/29 [goblin/+0 dagger[Robin] (3)]
  1312 | D:3      | Slain by an orc wizard

Levels and vault maps discovered:
D:1:      lemuel_arrival_rhombus, layout_basic
D:2:      layout_basic
D:3:      layout_loops_cross, minmay_liquid_box, uniq_robin, uniq_natasha

Skill      XL: |  1  2  3  4 |
---------------+-------------+-----
Ranged Weapons | 6 7 8 |  8.6
Fighting       | |  1.5
Dodging        | |  2.4
Stealth        | |  1.2

Action                     |  1- 3 |  4- 6 || total
---------------------------+-------+-------++-------
   Fire: Shortbow          |    74 |    26 ||   100
    Use: Scroll            |     9 |       ||     9
 Armour: Ring mail         |     1 |    14 ||    15
  Dodge: Dodged            |     5 |    12 ||    17

Table legend:
 A = Non-vault XP
 B = Vault XP
 C = Vault XP percentage of total XP
 D = Non-vault monster count
 E = Vault monster count
 F = Vault count percentage of total count
                 A         B        C        D         E       F
            +---------+---------+-------+---------+---------+-------
      Total |     197 |      37 |  15.8 |      41 |       2 |   4.7
            +---------+---------+-------+---------+---------+-------
        D:1 |      44 |       0 |   0.0 |      18 |       0 |   0.0
        D:2 |      22 |       0 |   0.0 |      11 |       0 |   0.0
        D:3 |     131 |      37 |  22.0 |      12 |       2 |  14.3
            +---------+---------+-------+---------+---------+-------
